 Dungeon Crawl Stone Soup version bcrawl-1.19.1 (webtiles) character file.

Game seed: 8162073884707823645

34 Niddhogr the Stinger (level 3, 24/24 HPs)
             Began as a Demonspawn Venom Mage on Dec 2, 2019.
             Got out of the dungeon alive.
             The game lasted 00:02:30 (1080 turns).

Niddhogr the Stinger (Demonspawn Venom Mage)        Turns: 1080, Time: 00:02:31

Health: 24/24      AC:  4    Str:  8    XL:     3   Next: 14%
Magic:  6/6        EV: 12    Int: 22    God:
Gold:   36         SH:  0    Dex: 13    Spells: 3/6 levels left

rFire    . . .     SeeInvis .   l - +1 whip (elec)
rCold    . . .     Gourm    .   (no shield)
rNeg     . . .     Faith    .   a - +0 robe
rPois    .         Spirit   .   (no helmet)
rElec    .         Reflect  .   (no cloak)
rCorr    .         Harm     .   (no gloves)
MR       .....                  (no boots)
Stlth    ++........             (no amulet)
HPRegen  0.08/turn              m - +5 ring of intelligence
MPRegen  0.10/turn              (no ring)

@: no status effects
A: slimy green scales 1, demonic guardian 1
a: no special abilities


You escaped.
You were not hungry.

You visited 1 branch of the dungeon, and saw 1 of its levels.

You collected 36 gold pieces.

Inventory:

Hand Weapons
 e - a +0 spear
 l - a +1 whip of electrocution (weapon)
Armour
 a - a +0 robe (worn)
Jewellery
 m - a +5 ring of intelligence (left hand)
Scrolls
 b - a scroll of enchant weapon {unknown}
 g - a scroll of identify {unknown}
 h - a scroll of fog {unknown}
 n - a scroll of fear {unknown}
Potions
 c - a potion of berserk rage {!q}
 d - a potion of degeneration {!q}
 j - 2 potions of heal wounds {unknown}
 k - a potion of haste {unknown}
Comestibles
 f - a ration {!d}
 i - 4 chunks of flesh


   Skills:
 - Level 1.7 Dodging
 - Level 2.0 Stealth
 - Level 2.0 Spellcasting
 - Level 1.0 Conjurations
 + Level 4.3 Poison Magic


You had 3 spell levels left.
You knew the following spells:

 Your Spells              Type           Power        Failure   Level  Hunger
a - Sting                 Conj/Pois      ##..         4%          1    #......
b - Poisonous Vapours     Pois/Air       ##....       9%          2    ##.....

Your spell library contained the following spells:

 Spells                   Type           Power        Failure   Level  Hunger
 Ignite Poison            Fire/Tmut/Pois #.......     22%         3    ###....
 Olgreb's Toxic Radiance  Pois           ###.....     22%         4    #####..
 Summon Scorpions         Summ/Pois      ##......     50%         4    #####..
 Venom Bolt               Conj/Pois      ##........   77%         5    ######.


Dungeon Overview and Level Annotations

Branches:
Dungeon (1/12)

Altars:


Innate Abilities, Weirdness & Mutations

You are partially covered in slimy green scales. (AC +2)
A weak demonic guardian rushes to your aid.


Message History

You butcher the giant cockroach corpse.
i - 3 chunks of flesh (gained 2)
You butcher the giant cockroach corpse.
i - 4 chunks of flesh (gained 1)
n - a scroll labeled CIKLUCR CUKOI You regained 7 hp, and now have 23/24 hp.
You open the door.
There is an open door here.
You see here a spear.
There is an open door here.
There is an open door here.
You see here a bat skeleton.
Things that are here:
a +0 club; a hobgoblin skeleton
There is an open door here.
There is a fountain of clear blue water here.
There is a staircase leading out of the dungeon here.
Health restored: 24 Are you sure you want to leave the Dungeon?
This will make you lose the game!
You have escaped!

#### #.##......'..####)..>..#
#########.###.....##.# #...##...
..........#.......##.# #)..#####
#########.#.#.....#######........
.....# #...............#.#.#####
.....# #..##♣♣♣.♣♣♣##....#.#
.....# #..# ♣⌠♣ #....#.# .....#
#..♣♣♣♣♣.♣♣♣♣♣..#.#.# .....#
##.....⌠.@.⌠.....#.#.# .....#
#...♣♣♣♣♣.♣♣♣♣♣..#.#.# .....#
#...# ♣⌠♣ #..#...#
.....###...##♣♣♣.♣♣♣##....###
.........................##
#######.##############...# #.#
##### #.# #.#


There were no monsters in sight!

Levels and vault maps discovered:
D:1:      scummos_arrival_forest, layout_basic

Notes
Turn   | Place    | Note
-------+----------+-------------------------------------------
     0 | D:1      | Niddhogr the Demonspawn Venom Mage began the quest for the
                  | Orb.
     0 | D:1      | Reached XP level 1. HP: 13/13 MP: 3/3
    16 | D:1      | Identified a +0 dagger
   238 | D:1      | Identified a cursed -2 dagger
   461 | D:1      | Identified a +0 club
   462 | D:1      | Identified a +0 club
   473 | D:1      | Gained mutation: A weak demonic guardian rushes to your
                  | aid. [demonic ancestry]
   473 | D:1      | Reached XP level 2. HP: 18/19 MP: 1/5
   498 | D:1      | Learned a level 2 spell: Poisonous Vapours
   727 | D:1      | Identified a +0 club
   727 | D:1      | Identified a +1 whip of electrocution
   860 | D:1      | Reached skill level 4 in Poison Magic
   917 | D:1      | Identified a ring of intelligence (You found it on level 1
                  | of the Dungeon)
   935 | D:1      | Gained mutation: You are partially covered in slimy green
                  | scales. (AC +2) [demonic ancestry]
   935 | D:1      | Reached XP level 3. HP: 23/24 MP: 6/6
  1080 | D:$      | Got out of the dungeon alive.

Table legend:
 A = Turns spent in this place as a percentage of turns spent in the entire game.
 B = Non-inter-level travel turns spent in this place as a percentage of non-inter-level travel turns spent in the entire game.
 C = Inter-level travel turns spent in this place as a percentage of turns spent in this place.
 D = Turns resting spent in this place as a percentage of non-inter-level travel turns spent in this place.
 E = Turns spent auto-exploring this place as a percentage of non-inter-level travel turns spent in this place.
 F = Non-inter-level travel turns spent in this place divided by the number of levels of this place that you've seen.
                   A       B       C       D       E      F
               +-------+-------+-------+-------+-------+----------------------
         Total | 100.0 | 100.0 |   4.5 |   0.0 |  79.2 | 1031.0
       Dungeon | 100.0 | 100.0 |   4.5 |   0.0 |  79.2 | 1031.0
               +-------+-------+-------+-------+-------+----------------------

Table legend:
 A = Kills in this place as a percentage of kills in entire the game.
 B = Kills by you in this place as a percentage of kills by you in the entire game.
 C = Kills by friends in this place as a percentage of kills by friends in the entire game.
 D = Other kills in this place as a percentage of other kills in the entire game.
 E = Experience gained in this place as a percentage of experience gained in the entire game.
 F = Experience gained in this place divided by the number of levels of this place that you have seen.
                   A       B       C       D       E      F
               +-------+-------+-------+-------+-------+----------------------
         Total | 100.0 | 100.0 |   N/A |   N/A | 100.0 |  49.0
       Dungeon | 100.0 | 100.0 |   N/A |   N/A | 100.0 |  49.0
               +-------+-------+-------+-------+-------+----------------------

Skill      XL: |  1  2 |
---------------+-------+-----
Poison Magic   | 4 |  4.3
Dodging        | |  1.7
Stealth        | |  2.0
Spellcasting   | |  2.0
Conjurations   | |  1.0

Action                   || total
-------------------------++-------
Melee: Dagger            ||    30
       Unarmed           ||     5
       Whip              ||    22
 Cast: Sting             ||    13
       Poisonous Vapours ||     1
 Stab: Sleeping          ||     1
  Eat: Chunk             ||     1
Armor: Robe              ||    12
Dodge: Dodged            ||    44

Vanquished Creatures
  An ooze (D:1)
  2 dart slugs (D:1)
  2 leopard geckos (D:1)
  2 giant cockroaches (D:1)
  5 hobgoblins (D:1)
  3 kobolds (D:1)
  4 bats (D:1)
  2 rats (D:1)
21 creatures vanquished.
